 Dungeon Crawl Stone Soup version 0.31-a0-145-g046c7d2549 (webtiles) character file.

Game seed: 4508837995244945694

99813 olmar the Spear-Bearer (level 16, 0/125 HPs)
             Began as a Gnoll Wanderer on June 6, 2023.
             Was an Initiate of Gozag.
             Slain by Zenata
             ... wielding a +2 triple sword of holy wrath
              (31 damage)
             ... on level 1 of the Elven Halls on June 7, 2023.
             The game lasted 01:13:02 (31763 turns).

olmar the Spear-Bearer (Gnoll Wanderer)            Turns: 31763, Time: 01:13:02

Health: 0/125      AC: 12    Str:  9    XL:     16   Next: 26%
Magic:  2/28       EV: 21    Int: 22    God:    Gozag
Gold:   4280       SH:  5    Dex: 20    Spells: 13/38 levels left

rFire   . . .        K - +7 staff of the Meek {protect, meekguard}
rCold   . . .        (shield currently unavailable)
rNeg    + . .        M - +0 steam dragon scales
rPois   +            a - +2 hat of the Keeping Gods {Rampage rCorr Int+4 Dex+2}
rElec   .            b - +0 cloak
rCorr   +            o - +1 pair of gloves
SInv    .            s - +0 pair of boots of the Wasteland {Int+2}
Will    +....        N - amulet of reflection
Stlth   ++++++       Q - ring of Wamaos {rPois rN+ Stlth+}
HPRegen 0.40/turn    P - +4 ring of slaying
MPRegen 0.21/turn

%: reflection, rampage
@: mighty, on berserk cooldown, slowed, studying Polearms, very slow
A: fangs 1, strong nose, distributed training, deformed body, low MP 1
a: Renounce Religion, Potion Petition, Call Merchant, Bribe Branch


You were on level 1 of the Elven Halls.
You worshipped Gozag.
Gozag was most pleased with you.
You visited 5 branches of the dungeon, and saw 21 of its levels.
You visited the Abyss 1 time.
You also visited: Sewer, Ossuary and Gauntlet.

You collected 6483 gold pieces.
You spent 1638 gold pieces at shops.
You paid 565 gold pieces to Gozag.

Inventory:

Hand Weapons
 K - the +7 staff of the Meek (weapon) {protect, meekguard}
   (You found it on level 4 of the Dungeon)
Missiles
 m - 34 boomerangs
 w - a curare-tipped dart
 y - 6 javelins
 V - 11 poisoned darts (quivered)
Armour
 a - the +2 hat of the Keeping Gods (worn) {Rampage rCorr Int+4 Dex+2}
   (You acquired it on level 9 of the Dungeon)

   Int:       It affects your intelligence (+4).
   Dex:       It affects your dexterity (+2).
   rCorr:     It protects you from acid and corrosion.
   Rampage:   It bestows one free step when moving towards enemies.
 b - a +0 cloak (worn)
 o - a +1 pair of gloves (worn)
 s - the +0 pair of boots of the Wasteland (worn) {Int+2}
   (You bought it in a shop on level 2 of the Orcish Mines)

   Int:       It affects your intelligence (+2).
 M - +0 steam dragon scales (worn)
Jewellery
 x - a ring of ice
 E - a ring of protection from cold
 N - an amulet of reflection (around neck)
 O - a ring of fire
 P - a +4 ring of slaying (right hand)
 Q - the ring of Wamaos (left hand) {rPois rN+ Stlth+}
   (You found it in a Gauntlet)

   [ring of poison resistance]

   rPois:     It protects you from poison.
   rN:        It protects you from negative energy.
   Stlth:     It makes you more stealthy.
 U - a +6 ring of strength
Wands
 e - a wand of mindburst (3)
 t - a wand of iceblast (23)
 B - a wand of quicksilver (11)
 X - a wand of digging (5)
Scrolls
 c - a scroll of silence
 g - 11 scrolls of enchant weapon
 h - 6 scrolls of enchant armour
 j - 2 scrolls of fear
 r - a scroll of blinking
 u - 3 scrolls of butterflies
 z - a scroll of fog
 F - a scroll of teleportation
 L - 4 scrolls of poison
 Y - 3 scrolls of identify
Potions
 i - 3 potions of brilliance
 k - 2 potions of mutation
 l - 4 potions of magic
 p - a potion of resistance
 q - 7 potions of ambrosia
 v - 10 potions of curing
 C - 3 potions of enlightenment
 G - 6 potions of haste
 H - a potion of cancellation
 I - 3 potions of might
 W - 4 potions of heal wounds
 Z - a potion of lignification
Miscellaneous
 d - a phantom mirror
 f - a tin of tremorstones (2/2)
 R - a piece from Xom's chessboard (15/15)
 S - a box of beasts
 T - a lightning rod (4/4)


   Skills:
 + Level 11.1 Fighting
 + Level 11.1 Short Blades
 + Level 11.1 Long Blades
 + Level 11.1 Axes
 + Level 11.1 Maces & Flails
 + Level 14.5 Polearms
 + Level 11.1 Staves
 + Level 11.1 Ranged Weapons
 + Level 11.1 Throwing
 + Level 11.1 Armour
 + Level 12.8 Dodging
 + Level 11.4 Stealth
 + Level 11.1 Shields
 + Level 11.1 Unarmed Combat
 + Level 11.5 Spellcasting
 + Level 9.4 Conjurations
 + Level 9.4 Hexes
 + Level 9.4 Summonings
 + Level 9.4 Necromancy
 + Level 9.4 Translocations
 + Level 9.4 Transmutations
 + Level 9.4 Fire Magic
 + Level 9.4 Ice Magic
 + Level 10.1 Air Magic
 + Level 9.4 Earth Magic
 + Level 9.4 Poison Magic
 + Level 12.1 Invocations
 + Level 12.8 Evocations


You had 13 spell levels left.
You knew the following spells:

 Your Spells              Type           Power      Damage    Failure   Level
a - Shock                 Conj/Air       100%       1d9       1%          1
b - Swiftness             Air            55%        N/A       1%          3
c - Vhi's Electric Charg  Tloc/Air       100%       N/A       1%          3
d - Dazzling Flash        Conj/Hex       100%       N/A       1%          3
e - Plasma Beam           Fire/Air       27%        2x1d39    14%         6
f - Yara's Violent Unrav  Hex/Tmut       26%        3d11      3%          5
g - Sticky Flame          Conj/Fire      52%        2d7       1%          4

Your spell library contained the following spells:

 Spells                   Type           Power      Damage    Failure   Level
 Hailstorm                Conj/Ice       52%        3d12      1%          3
 Ignite Poison            Fire/Tmut/Pois 52%        N/A       1%          3
 Stone Arrow              Conj/Erth      100%       3d13      1%          3
 Tukima's Dance           Hex            52%        N/A       1%          3
 Cause Fear               Hex            26%        N/A       1%          4
 Ice Form                 Ice/Tmut       52%        N/A       1%          4
 Leda's Liquefaction      Hex/Erth       26%        N/A       1%          4
 Passage of Golubria      Tloc           52%        N/A       1%          4
 Summon Lightning Spire   Summ/Air       54%        N/A       1%          4
 Arcjolt                  Conj/Air       27%        1d37      2%          5
 Silence                  Hex/Air        27%        N/A       2%          5
 Agony                    Necr           52%        N/A       3%          5
 Summon Cactus Giant      Summ           26%        N/A       17%         6
 Dragon Form              Tmut           26%        N/A       67%         7
 Ignition                 Fire           26%        3d9       100%        8
 Dragon's Call            Summ           26%        N/A       100%        9
 Simulacrum               Ice/Necr       Unusable   N/A       N/A         6

Dungeon Overview and Level Annotations

Branches:
Dungeon (12/15)            Temple (1/1) D:5            Lair (5/5) D:8
 Spider (0/4) Lair:2        Slime (0/5) Lair:4          Orc (2/2) D:10
    Elf (1/3) Orc:2         Sewer (visited)         Ossuary (visited)
Gauntlet (visited)
  Swamp: Lair:2-3    Shoals: Lair:2-3

Altars:
Ashenzari
Cheibriados
Dithmenos
Elyvilon
Fedhas
Gozag
Hepliaklqana
Kikubaaqudgha
Makhleb
Nemelex Xobeh
Okawaru
Qazlal
Ru
Sif Muna
Trog
Uskayaw
Vehumet
Wu Jian
Xom
Yredelemnul
Zin
The Shining One
Jiyva
Lugonu

Shops:
D:3 [   D:9 :   D:10 (   Orc:2 [!?![

Portals:
Abyss: Lair:5

Annotations:
D:3 exclusion: statue
Lair:1 2 transporters
Lair:4 3 runed translucent doors, Bekuax's ghost, journeyman MfIE
Lair:5 1 runed translucent door, MrSquiggles's ghost, journeyman DgCj
Elf:1 Kirke; Roxanne; Zenata


Innate Abilities, Weirdness & Mutations

You have very sharp teeth.
Your uncanny sense of smell can sniff out nearby items.
Your experience applies equally to all skills.
Armour fits poorly on your strangely shaped body.
Your magical capacity is low. (-10% MP)


Message History

A blast of power from the earth and the +1 antimagic short sword strikes you!
* * * LOW HITPOINT WARNING * * *
The +1 antimagic short sword hits you.
* * * LOW HITPOINT WARNING * * *
You feel your power leaking away.
Unknown command.
Okay, then. [a] - 176 gold - heal wounds and curing [b] - 696 gold - haste, enlightenment, resistance and might [c] - 546 gold - might, brilliance, heal wounds, curing and berserk rage Purchase which effect?
You feel much better.
You feel better.
Zenata burns!
The +1 antimagic short sword hits you but does no damage.
The +1 antimagic short sword hits you.
You feel your power leaking away. The +1 antimagic short sword hits you.
You feel your power leaking away. Zenata misses you.
The +1 antimagic short sword hits you.
A stray blade cuts Zenata's own flesh.
She ignores it.
Zenata misses you.
Unknown command.
Unknown command.
Aiming: Quicksilver Bolt
Press: ? - help, Shift-Dir - straight line, f/p - Zenata
Aim: Zenata, wielding a +2 triple sword of holy wrath and wearing a +0 leather armour (almost dead, covered in liquid flames, 83% to hit)
The bolt of dispelling energy misses Zenata.
The bolt of dispelling energy hits the +5 scimitar of holy wrath!
The +5 scimitar of holy wrath is heavily damaged.
The +5 scimitar of holy wrath's magical effects unravel!
Zenata burns! x2; Zenata stops burning.
The +1 antimagic short sword hits you but does no damage.
The +1 antimagic short sword hits you!
* * * LOW HITPOINT WARNING * * *
You feel your power leaking away. The +1 antimagic short sword hits you.
* * * LOW HITPOINT WARNING * * *
The +1 antimagic short sword closely misses you.
Zenata hits you with a +2 triple sword of holy wrath!!
You die...
Your body crumbles into a pile of gold.

#.#...#..h...(#.
#......##.(.###.
##..... ..(....
#..... #.#####
##...# #.# ##.#
#.# #. #.#####
#####(#####.....#
###.
.....(a@(..####.#
.... #####(####.#
#.# # #.# #.#
###.# #.# #.#
....# #.# #.#
.....
###.####.####.#
###..... ..
.............#
...# ... .
##.####.######
##.##.. .#
...##.#


You could see Zenata and 4 dancing weapons.

Vanquished Creatures
  A tentacled starspawn (Abyss:3)
  Gastronok (D:8)
  A deep elf sorcerer (Elf:1)
  A deep elf high priest (Elf:1)
  2 hydras
  A boulder beetle (D:12)
  3 catoblepae
  4 two-headed ogres
  6 death yaks
  4 dancing weapons
  3 orc high priests (Orc:2)
  8 thrashing horrors
  2 deep elf knights (Elf:1)
  A wizard (Elf:1)
  4 orc knights
  6 deep elf archers (Elf:1)
  Pikel (D:8)
  13 deep elf pyromancers
  12 deep elf zephyrmancers (Elf:1)
  5 large abominations
  2 cyclopes (D:11)
  A worldbinder (Abyss:3)
  An oklob plant (Lair:3)
  4 orc sorcerers
  15 elephants
  A moth of wrath (Gauntlet)
  2 smoke demons (Lair:5)
  3 black mambas
  A gargoyle (D:11)
  3 cane toads
  11 rime drakes
  2 unseen horrors
  3 freezing wraiths (D:11)
  7 komodo dragons
  Maggie (D:8)
  3 minotaur zombies (Gauntlet)
  2 kobold demonologists
  2 ice devils (D:11)
  3 ancient zymes
  A queen bee (D:10)
  8 trolls
  A hornet (D:9)
  A meliai (Lair:2)
  36 blink frogs
  A raiju (Abyss:3)
  6 dream sheep (Lair:4)
  8 slime creatures (D:12)
  A centaur simulacrum (Gauntlet)
  An air elemental (Elf:1)
  A water elemental (Elf:1)
  36 yaks
  A spriggan (Lair:5)
  4 wraiths
  13 small abominations
  A shadow (Abyss:2)
  A ynoxinul (Lair:5)
  2 steam dragons (D:6)
  9 basilisks
  A basilisk (shapeshifter) (Lair:5)
  A wyvern (shapeshifter) (Lair:5)
  10 wyverns
  A vampire mosquito (D:7)
  2 chaos spawn (Lair:5)
  2 redbacks (Gauntlet)
  A neqoxec (Elf:1)
  3 wargs
  2 acid dragons
  10 water moccasins
  18 orc warriors
  3 sky beasts
  2 ice beasts (D:7)
  3 black bears
  An ice dragon simulacrum (Gauntlet)
  A boggart (Elf:1)
  5 ogres
  18 wolves
  6 centaurs
  5 kobold brigands
  2 elf zombies (D:5)
  3 gnoll sergeants
  9 bullfrogs
  3 elf skeletons (D:5)
  A scorpion (D:6)
  2 earth elementals (Elf:1)
  A hornet simulacrum (Gauntlet)
  17 wights
  34 killer bees
  4 howler monkeys (D:10)
  An electric eel (Lair:1)
  2 centaur zombies (Ossuary)
  A quasit (Abyss:3)
  A human zombie (Ossuary)
  2 iron imps (Abyss:3)
  A jelly (D:7)
  14 orc priests
  8 hounds
  A gnoll bouda (Orc:2)
  2 sleepcaps
  Natasha (thrice) (D:4)
  4 human skeletons (D:5)
  22 orc wizards
  3 iguanas
  12 hell rats
  A boggart simulacrum (Gauntlet)
  6 mummies (Ossuary)
  29 gnolls
  A river rat (D:3)
  8 adders
  A shadow imp (D:7)
  9 white imps
  An ufetubus (D:6)
  6 worms
  A dart slug (D:3)
  47 orcs
  17 ball pythons
  5 bats
  13 endoplasms
  13 giant cockroaches
  2 gnoll zombies (Ossuary)
  8 goblins
  9 hobgoblins
  9 jackals
  13 quokkas
  13 frilled lizards
  14 kobolds
  A kobold zombie (Ossuary)
  2 orc skeletons (D:5)
  2 orc zombies (Ossuary)
  13 rats
770 creatures vanquished.

Vanquished Creatures (collateral kills)
  A minotaur (Gauntlet)
  Fannar (D:11)
  An ugly thing (D:7)
  A basilisk (D:8)
  5 yaks (Lair:3)
  An acid dragon (D:7)
  A water moccasin (Lair:3)
  4 wolves (Lair:3)
  4 killer bees (D:10)
  An adder (D:5)
  An ufetubus (D:7)
21 creatures vanquished.

Vanquished Creatures (others)
  A deep elf pyromancer (Elf:1)
  A deep elf zephyrmancer (Elf:1)
  A blink frog (Lair:5)
  A spriggan (Lair:5)
  A wraith (D:7)
  A yak (Lair:3)
  A water moccasin (Lair:3)
  A human (D:6)
  3 killer bees (D:8)
  2 starspawn tentacles (Abyss:3)
13 creatures vanquished.

Grand Total: 804 creatures vanquished

Notes
Turn   | Place    | Note
-------+----------+-------------------------------------------
     0 | D:1      | olmar the Gnoll Wanderer began the quest for the Orb.
     0 | D:1      | olmar set off with the following items: a +0 dagger, a +0
                  | cloak, a scroll of silence, a +0 robe, a wand of mindburst
                  | (13); and the following spell memorised: Shock; and the
                  | following spells available to memorise: Swiftness.
     0 | D:1      | Reached XP level 1. HP: 13/13 MP: 4/4
   157 | D:1      | Reached XP level 2. HP: 18/19 MP: 1/5
   901 | D:1      | Reached XP level 3. HP: 25/25 MP: 0/7
  1241 | D:2      | Reached skill level 1 in Invocations
  1409 | D:2      | Reached skill level 1 in Fighting
  1409 | D:2      | Reached skill level 1 in Short Blades
  1409 | D:2      | Reached skill level 1 in Long Blades
  1409 | D:2      | Reached skill level 1 in Axes
  1409 | D:2      | Reached skill level 1 in Maces & Flails
  1409 | D:2      | Reached skill level 1 in Polearms
  1409 | D:2      | Reached skill level 1 in Staves
  1409 | D:2      | Reached skill level 1 in Ranged Weapons
  1409 | D:2      | Reached skill level 1 in Throwing
  1409 | D:2      | Reached skill level 1 in Armour
  1409 | D:2      | Reached skill level 1 in Shields
  1409 | D:2      | Reached skill level 1 in Unarmed Combat
  1413 | D:2      | Learned a level 3 spell: Swiftness
  1543 | D:2      | Reached XP level 4. HP: 17/32 MP: 0/8
  1619 | D:2      | Found a basalt altar of Yredelemnul.
  1691 | D:2      | Reached skill level 1 in Conjurations
  1691 | D:2      | Reached skill level 1 in Hexes
  1691 | D:2      | Reached skill level 1 in Summonings
  1691 | D:2      | Reached skill level 1 in Necromancy
  1691 | D:2      | Reached skill level 1 in Translocations
  1691 | D:2      | Reached skill level 1 in Transmutations
  1691 | D:2      | Reached skill level 1 in Fire Magic
  1691 | D:2      | Reached skill level 1 in Ice Magic
  1691 | D:2      | Reached skill level 1 in Earth Magic
  1691 | D:2      | Reached skill level 1 in Poison Magic
  1751 | D:2      | Reached XP level 5. HP: 21/37 MP: 0/9
  2280 | D:3      | Found Rizxif's Armour Emporium.
  2318 | D:3      | Found a white marble altar of Elyvilon.
  2406 | D:3      | Found a radiant altar of Vehumet.
  2406 | D:3      | Noticed a frost-covered statue
  2494 | D:3      | Identified the +0 chain mail "Zaan" {rCorr}
  2730 | D:3      | Found a glowing drain.
  2737 | Sewer    | Entered a sewer
  3334 | Sewer    | Reached XP level 6. HP: 40/44 MP: 6/11
  3726 | Sewer    | Reached skill level 2 in Polearms
  4296 | D:4      | Noticed Natasha
  4316 | D:4      | Killed Natasha
  4317 | D:4      | Reached XP level 7. HP: 33/51 MP: 9/12
  4440 | D:4      | Noticed Natasha
  4450 | D:4      | Killed Natasha
  4585 | D:4      | Found the +7 staff of the Meek {protect, meekguard}
  4649 | D:4      | Found a sparkling altar of Nemelex Xobeh.
  4747 | D:4      | Noticed Natasha
  4768 | D:4      | Killed Natasha
  4875 | D:4      | Found a hazy altar of Hepliaklqana.
  5421 | D:5      | Entered Level 5 of the Dungeon
  5568 | D:5      | Found a staircase to the Ecumenical Temple.
  5588 | Temple   | Entered the Ecumenical Temple
  5774 | D:5      | Reached skill level 3 in Polearms
  5774 | D:5      | Reached XP level 8. HP: 44/58 MP: 14/14
  5837 | D:5      | Found a sand-covered staircase.
  5859 | Ossuary  | Entered an ossuary
  5962 | Ossuary  | Learned a level 3 spell: Vhi's Electric Charge
  7594 | D:6      | Reached skill level 5 in Air Magic
  7653 | D:6      | Reached XP level 9. HP: 51/65 MP: 16/16
  7776 | D:6      | Reached skill level 4 in Polearms
  7795 | D:6      | Found an ancient bone altar of Kikubaaqudgha.
  7856 | D:6      | Reached skill level 5 in Spellcasting
  8085 | D:6      | Found an iron altar of Okawaru.
  8685 | D:7      | Reached skill level 5 in Stealth
  8695 | D:7      | Noticed a troll
  8706 | D:7      | Killed a troll
  8707 | D:7      | Reached skill level 5 in Invocations
  9189 | D:7      | Noticed a deep elf pyromancer
  9213 | D:7      | Killed a deep elf pyromancer
  9213 | D:7      | Noticed a green ugly thing
  9214 | D:7      | Reached skill level 5 in Fighting
  9214 | D:7      | Reached skill level 5 in Short Blades
  9214 | D:7      | Reached skill level 5 in Long Blades
  9214 | D:7      | Reached skill level 5 in Axes
  9214 | D:7      | Reached skill level 5 in Maces & Flails
  9214 | D:7      | Reached skill level 5 in Polearms
  9214 | D:7      | Reached skill level 5 in Staves
  9214 | D:7      | Reached skill level 5 in Ranged Weapons
  9214 | D:7      | Reached skill level 5 in Throwing
  9214 | D:7      | Reached skill level 5 in Armour
  9214 | D:7      | Reached skill level 5 in Shields
  9214 | D:7      | Reached skill level 5 in Unarmed Combat
  9214 | D:7      | Reached XP level 10. HP: 74/74 MP: 18/18
  9224 | D:7      | Killed a green ugly thing
  9267 | D:7      | Killed an unseen horror
  9398 | D:7      | Identified the +2 robe of Plasticity {Int+2}
  9424 | D:7      | Noticed a two-headed ogre
  9433 | D:7      | Killed a two-headed ogre
  9757 | D:7      | Reached skill level 6 in Polearms
 10086 | D:7      | Noticed a moth of wrath
 10089 | D:7      | Found a bloodstained altar of Trog.
 10315 | D:7      | Found an ornate altar of the Wu Jian Council.
 10482 | D:8      | Noticed Maggie
 10499 | D:8      | Killed Maggie
 10500 | D:8      | Reached skill level 5 in Conjurations
 10500 | D:8      | Reached skill level 5 in Hexes
 10500 | D:8      | Reached skill level 5 in Summonings
 10500 | D:8      | Reached skill level 5 in Necromancy
 10500 | D:8      | Reached skill level 5 in Translocations
 10500 | D:8      | Reached skill level 5 in Transmutations
 10500 | D:8      | Reached skill level 5 in Fire Magic
 10500 | D:8      | Reached skill level 5 in Ice Magic
 10500 | D:8      | Reached skill level 5 in Earth Magic
 10500 | D:8      | Reached skill level 5 in Poison Magic
 10500 | D:8      | Reached XP level 11. HP: 28/81 MP: 21/21
 10992 | D:8      | Noticed Pikel
 11007 | D:8      | Killed Pikel
 11008 | D:8      | Reached skill level 7 in Polearms
 11061 | D:8      | Noticed Gastronok
 11080 | D:8      | Killed Gastronok
 11477 | D:8      | Found a staircase to the Lair.
 12327 | D:9      | Found a shimmering altar of Xom.
 12328 | D:9      | Found a shimmering altar of Xom.
 12328 | D:9      | Found a shimmering altar of Xom.
 12379 | D:9      | Identified the +10 halberd "Vunluc" {venom, rN+}
 12387 | D:9      | Found a basalt altar of Yredelemnul.
 12560 | D:9      | Noticed a two-headed ogre
 12573 | D:9      | Killed a two-headed ogre
 12574 | D:9      | Reached skill level 8 in Polearms
 12773 | D:9      | Identified a scroll of acquirement
 12874 | D:9      | Acquired the +2 hat of the Keeping Gods {Rampage rCorr
                  | Int+4 Dex+2}
 13044 | D:9      | Found Juzxa's Self-Improvement Boutique.
 13083 | D:9      | Found a snail-covered altar of Cheibriados.
 13372 | D:9      | Found a blossoming altar of Fedhas.
 13372 | D:9      | Found an opulent altar of Gozag.
 13691 | D:9      | Became a worshipper of Gozag Ym Sagoz the Greedy
 13748 | D:10     | Entered Level 10 of the Dungeon
 13783 | D:10     | Reached XP level 12. HP: 77/91 MP: 23/23
 14061 | D:10     | Found a staircase to the Orcish Mines.
 14261 | D:10     | Reached skill level 9 in Polearms
 14442 | D:10     | Found a burning altar of Makhleb.
 14521 | D:10     | Reached skill level 10 in Dodging
 14521 | D:10     | Reached skill level 10 in Evocations
 14601 | D:10     | Noticed a two-headed ogre
 14607 | D:10     | Found a stormy altar of Qazlal.
 14614 | D:10     | Killed a two-headed ogre
 14688 | D:10     | Found Tyrutheti's Firing Range.
 14992 | Orc:1    | Entered Level 1 of the Orcish Mines
 15426 | Orc:2    | Entered Level 2 of the Orcish Mines
 16048 | Orc:2    | Found Codia's Antique Armour Emporium.
 16087 | Orc:2    | Found a staircase to the Elven Halls.
 16177 | Orc:2    | Bought a pair of faintly humming boots for 275 gold pieces
 16177 | Orc:2    | Identified the +0 pair of boots of the Wasteland {Int+2}
                  | (You bought it in a shop on level 2 of the Orcish Mines)
 16303 | Orc:2    | Learned a level 3 spell: Dazzling Flash
 16373 | Orc:2    | Noticed an orc high priest
 16385 | Orc:2    | Killed an orc high priest
 17008 | Orc:2    | Noticed an orc high priest
 17015 | Orc:2    | Reached skill level 10 in Polearms
 17018 | Orc:2    | Noticed a soul eater
 17019 | Orc:2    | Noticed a soul eater
 17157 | Orc:1    | Reached XP level 13. HP: 97/98 MP: 25/25
 17481 | Orc:2    | Found Okishiw's Armour Shoppe.
 17481 | Orc:2    | Found Leny's Distillery.
 17481 | Orc:2    | Found Wetec's Distillery.
 17481 | Orc:2    | Found Timarch's Magic Scroll Boutique.
 17786 | Orc:2    | Bought a potion of resistance for 160 gold pieces
 17786 | Orc:2    | Bought a potion of heal wounds for 80 gold pieces
 17786 | Orc:2    | Bought a potion of magic for 128 gold pieces
 17786 | Orc:2    | Bought a potion of haste for 160 gold pieces
 17786 | Orc:2    | Bought a potion of curing for 48 gold pieces
 17794 | Orc:2    | Bought a scroll of identify for 32 gold pieces
 17794 | Orc:2    | Bought a scroll of identify for 32 gold pieces
 17794 | Orc:2    | Bought a scroll of identify for 32 gold pieces
 17794 | Orc:2    | Bought a scroll of poison for 64 gold pieces
 17794 | Orc:2    | Bought a scroll of blinking for 120 gold pieces
 17796 | Orc:2    | Bought a potion of enlightenment for 65 gold pieces
 17796 | Orc:2    | Bought 2 potions of curing for 78 gold pieces
 17796 | Orc:2    | Bought a potion of curing for 39 gold pieces
 17796 | Orc:2    | Bought a potion of heal wounds for 65 gold pieces
 17796 | Orc:2    | Bought 2 potions of haste for 260 gold pieces
 17930 | Elf:1    | Entered Level 1 of the Elven Halls
 18303 | D:11     | Noticed Fannar
 18333 | D:11     | Killed Fannar
 18885 | D:11     | Found the +8 frozen axe "Frostbite" {freeze, freezing
                  | cloud, *Noise Fly rC+}
 19828 | D:12     | Reached skill level 11 in Polearms
 20517 | Lair:1   | Entered Level 1 of the Lair of Beasts
 20527 | Lair:1   | Learned a level 6 spell: Plasma Beam
 21095 | Lair:1   | Found a transporter.
 21124 | Lair:1   | Found a transporter.
 21630 | Lair:2   | Found a hole to the Spider Nest.
 21873 | Lair:2   | You fall into a shaft and drop 1 floor!
 22042 | Lair:3   | Reached XP level 14. HP: 70/108 MP: 17/27
 22086 | Lair:3   | Reached skill level 10 in Invocations
 22161 | Lair:3   | Reached skill level 12 in Polearms
 22184 | Lair:3   | Found a gate leading to a gauntlet.
 22188 | Lair:3   | Got the Textbook on the Throng and Quicksand
 22194 | Gauntlet | Entered a Gauntlet
 22194 | Gauntlet | Found a transporter.
 22194 | Gauntlet | Found a transporter.
 22194 | Gauntlet | Found a transporter.
 22217 | Gauntlet | Found a transporter.
 22220 | Gauntlet | Found a transporter.
 22231 | Gauntlet | Found a transporter.
 22238 | Gauntlet | Found a transporter.
 22242 | Gauntlet | Found a transporter.
 22244 | Gauntlet | Found a transporter.
 22267 | Gauntlet | Found a transporter.
 22267 | Gauntlet | Found a transporter.
 22346 | Gauntlet | Identified the ring of Wamaos {rPois rN+ Stlth+}
 22405 | Gauntlet | Identified the ring "Onupadgha" {Fly rCorr Str-5 Dex+2}
 22581 | Gauntlet | Reached skill level 10 in Spellcasting
 23015 | Lair:3   | Identified the +8 sling of Irrepressible Laughter {flame,
                  | rC++}
 23138 | Lair:3   | Found a blossoming altar of Fedhas.
 23851 | Lair:4   | Found a viscous altar of Jiyva.
 23851 | Lair:4   | Found a staircase to the Slime Pits.
 24005 | Lair:4   | Reached skill level 10 in Stealth
 24032 | Lair:4   | Noticed Bekuax's ghost (journeyman MfIE)
 24218 | Lair:4   | Found a runed translucent gate.
 24222 | Lair:4   | Found a runed translucent gate.
 24601 | Lair:4   | Found a runed translucent gate.
 25132 | Lair:5   | Entered Level 5 of the Lair of Beasts
 25237 | Lair:5   | Found a runed translucent door.
 25276 | Lair:5   | Identified the orb "Zexussil" {*channel, rElec rF- rCorr
                  | Str+6}
 25340 | Lair:5   | Noticed MrSquiggles's ghost (journeyman DgCj)
 25422 | Lair:5   | Reached skill level 10 in Fighting
 25422 | Lair:5   | Reached skill level 10 in Short Blades
 25422 | Lair:5   | Reached skill level 10 in Long Blades
 25422 | Lair:5   | Reached skill level 10 in Axes
 25422 | Lair:5   | Reached skill level 10 in Maces & Flails
 25422 | Lair:5   | Reached skill level 10 in Staves
 25422 | Lair:5   | Reached skill level 10 in Ranged Weapons
 25422 | Lair:5   | Reached skill level 10 in Throwing
 25422 | Lair:5   | Reached skill level 10 in Armour
 25422 | Lair:5   | Reached skill level 10 in Shields
 25422 | Lair:5   | Reached skill level 10 in Unarmed Combat
 25815 | Lair:5   | Identified the +5 long sword of the Vine {venom, rN+ Int+2}
 26277 | Lair:5   | Reached XP level 15. HP: 114/115 MP: 26/29
 26327 | Lair:5   | Reached skill level 13 in Polearms
 28385 | Lair:5   | Found a corrupted altar of Lugonu.
 28385 | Lair:5   | Found a one-way gate to the infinite horrors of the Abyss.
 28936 | Lair:5   | Learned a level 5 spell: Yara's Violent Unravelling
 29526 | Elf:1    | Learned a level 4 spell: Sticky Flame
 29554 | Elf:1    | Paralysed by an air elemental for 1 turns
 29556 | Elf:1    | Paralysed by an air elemental for 1 turns
 29698 | Elf:1    | Identified Roxanne's Almanac of Clay
 29698 | Elf:1    | Noticed Roxanne
 29785 | Elf:1    | Noticed Kirke
 30418 | Elf:1    | Noticed Zenata
 30723 | Elf:1    | Reached skill level 14 in Polearms
 30738 | Abyss:2  | Cast into level 2 of the Abyss (a wizard)
 30862 | Abyss:2  | Noticed a hellephant
 30893 | Abyss:3  | Noticed a tentacled starspawn
 30911 | Abyss:3  | Killed a tentacled starspawn
 30985 | Abyss:3  | Reached skill level 10 in Air Magic
 31028 | Abyss:3  | Reached XP level 16. HP: 57/124 MP: 3/31
 31109 | Abyss:3  | Gained mutation: Armour fits poorly on your strangely
                  | shaped body. [a neqoxec]
 31112 | Elf:1    | Escaped the Abyss
 31115 | Elf:1    | Gained mutation: Your magical capacity is low. (-10% MP) [a
                  | neqoxec]
 31763 | Elf:1    | Slain by Zenata

Illustrated notes

Levels and vault maps discovered:
D:1:      dpeg_arrival_tiny_f, layout_rooms, nicolae_hexahallways,
          supply_closet_lemuel
D:2:      layout_basic, basic_altar, minmay_tiny_reverse_x
D:3:      layout_loops_ring, mainiacjoe_overflow_alcove_1, vehumet_statue,
          serial_shops, shop_fountains, portal_sewer_entry_e
D:4:      layout_basic, nemelex_spade_bored_becter, general_overflow_altar,
          kennysheep_cross_bottleneck, chequers_serial_rivers_small_b,
          pf_guarded_unrand_meek, uniq_natasha
D:5:      layout_basic, minmay_temple_entry_glass,
          nicolae_ossuary_entry_catacombs, minmay_splitting_lines
D:6:      layout_loops_ring, tgw_kikubaaqudgha, kennysheep_mini_moat
D:7:      minmay_the_grid_octo_tiled_octocenter [minmay_the_grid_octo_pinwheel,
          minmay_the_grid_octo_clover, minmay_the_grid_octo_clover_2,
          minmay_the_grid_octo_toaster, minmay_the_grid_octo_prize_star,
          minmay_the_grid_square_5x5_shrine1,
          minmay_the_grid_square_5x5_eight_small,
          minmay_the_grid_square_5x5_misaligned,
          minmay_the_grid_square_5x5_tetrominoes], layout_loops_cross,
          mainiacjoe_overflow_alcove_2, tgw_trog, kennysheep_generic_room_9
D:8:      layout_cave_pools, david_lair_generic, nicolae_sextant,
          uniq_gastronok, uniq_maggie, uniq_pikel
D:9:      kennysheep_ambush_hall, layout_cave_pods, xom_shifter_show,
          yredelemnul_altar_generic, gammafunk_temple_overflow_elements,
          slow_altar_2, nicolae_shop_self_help
D:10:     layout_roguey [special_room_bee], nicolae_qazlal_scattered_showers,
          lightli_temple_of_fire, erik_orc_3, dk_vineyard_3,
          nicolae_shop_firing_range
D:11:     layout_rooms, hellmonk_guarded_unrand_frostbite, uniq_fannar
D:12:     layout_irregular_city, grunt_decor_arrowhead
Temple:   nicolae_temple_great_sept
Lair:1:   gammafunk_cloud_chamber, layout_chaotic_city, minivault_11,
          minivault_19, infiniplex_staircase_pool
Lair:2:   layout_regular_city, nicolae_swamp_entry_spooky,
          hellmonk_spider_entry_not_the_bees, gammafunk_ghost_abyssal_escape,
          nicolae_lair_lakeside_cave
Lair:3:   layout_roguey, special_room [special_room_mythical_zoo],
          gauntlet_entry_generic, tgw_fedhas
Lair:4:   layout_concentric_octagons, dpeg_slime_entry_enclosed,
          gammafunk_ghost_split, serial_bayou_pond_d, beast_lair_carwin_2
Lair:5:   hellmonk_lair_end_abyssal_woods, layout_hall_layers,
          gammafunk_ghost_grave
Orc:1:    layout_caves
Orc:2:    st_orc_elflike, layout_caves, serial_shops,
          nicolae_shop_window_shopping, nicolae_orc_stony_grotto
Elf:1:    elf_arrival_002, layout_loops_ring, serial_shops,
          nicolae_shop_rolling_square, hangedman_elf_disciples,
          minmay_curled_crystal, uniq_roxanne, uniq_kirke, uniq_zenata

Skill      XL: |  1  2  3  4  5  6  7  8  9 10 11 12 13 14 15 16 |
---------------+-------------------------------------------------+-----
Invocations    | 1 2 3 4 5 6 7 8 9 10 11 12 | 12.1
Fighting       | 1 2 3 5 6 7 8 9 10 11 | 11.1
Short Blades   | 1 2 3 5 6 7 8 9 10 11 | 11.1
Long Blades    | 1 2 3 5 6 7 8 9 10 11 | 11.1
Axes           | 1 2 3 5 6 7 8 9 10 11 | 11.1
Maces & Flails | 1 2 3 5 6 7 8 9 10 11 | 11.1
Polearms       | 1 2 3 5 6 8 10 11 12 14 | 14.5
Staves         | 1 2 3 5 6 7 8 9 10 11 | 11.1
Ranged Weapons | 1 2 3 5 6 7 8 9 10 11 | 11.1
Throwing       | 1 2 3 5 6 7 8 9 10 11 | 11.1
Armour         | 1 2 3 5 6 7 8 9 10 11 | 11.1
Shields        | 1 2 3 5 6 7 8 9 10 11 | 11.1
Unarmed Combat | 1 2 3 5 6 7 8 9 10 11 | 11.1
Spellcasting   | 3 4 5 6 7 8 9 10 11 | 11.5
Conjurations   | 1 2 3 4 5 6 7 8 9 |  9.4
Hexes          | 1 2 3 4 5 6 7 8 9 |  9.4
Summonings     | 1 2 3 4 5 6 7 8 9 |  9.4
Necromancy     | 1 2 3 4 5 6 7 8 9 |  9.4
Translocations | 1 2 3 4 5 6 7 8 9 |  9.4
Transmutations | 1 2 3 4 5 6 7 8 9 |  9.4
Fire Magic     | 1 2 3 4 5 6 7 8 9 |  9.4
Ice Magic      | 1 2 3 4 5 6 7 8 9 |  9.4
Earth Magic    | 1 2 3 4 5 6 7 8 9 |  9.4
Poison Magic   | 1 2 3 4 5 6 7 8 9 |  9.4
Air Magic      | 4 5 6 7 8 9 10 | 10.1
Stealth        | 3 4 5 6 7 8 9 10 11 | 11.4
Dodging        | 7 8 9 10 11 12 | 12.8
Evocations     | 7 8 9 10 11 12 | 12.8

Action                     |  1- 3 |  4- 6 |  7- 9 | 10-12 | 13-15 | 16-18 || total
---------------------------+-------+-------+-------+-------+-------+-------++-------
  Melee: Dagger            |    80 |   216 |   281 |       |       |       ||   577
         Bite              |    11 |    20 |    73 |   142 |   318 |    16 ||   580
         Punch             |       |     6 |     7 |       |       |       ||    13
         Quarterstaff      |       |       |   155 |   936 |  1543 |   103 ||  2737
  Throw: Throwing net      |       |       |     2 |     1 |       |       ||     3
         Boomerang         |       |       |     1 |       |       |       ||     1
         Dart              |       |       |       |    27 |    58 |     2 ||    87
   Cast: Shock             |    62 |   126 |   174 |    23 |       |       ||   385
         Vhi's Electric Ch |       |       |     1 |     5 |    58 |    15 ||    79
         Swiftness         |       |       |     1 |       |       |       ||     1
         Dazzling Flash    |       |       |       |    11 |    67 |       ||    78
         Sticky Flame      |       |       |       |       |    23 |    21 ||    44
 Invoke: Potion Petition   |       |       |       |       |     1 |     1 ||     2
  Evoke: Wand              |     2 |     3 |     6 |    12 |    15 |     1 ||    39
         Lightning rod     |       |       |       |    18 |    13 |       ||    31
         Piece from Xom's  |       |       |       |    16 |       |       ||    16
         Box of beasts     |       |       |       |     2 |     3 |       ||     5
         Tin of tremorston |       |       |       |       |     4 |       ||     4
         Phantom mirror    |       |       |       |       |     2 |       ||     2
    Use: Scroll            |       |     9 |     6 |     7 |    11 |       ||    33
         Potion            |       |       |     1 |     3 |    12 |     7 ||    23
   Stab: Sleeping          |     2 |     9 |     8 |    10 |    21 |       ||    50
         Distracted        |     1 |       |     2 |     5 |    14 |       ||    22
         Invisible         |       |       |       |    14 |    50 |       ||    64
         Petrified         |       |       |       |       |     7 |       ||     7
 Armour: Robe              |    23 |    35 |    68 |       |       |       ||   126
         Steam dragon scal |       |       |    33 |   267 |   459 |    46 ||   805
  Dodge: Dodged            |    91 |   203 |   374 |   859 |  1396 |    90 ||  3013
  Block: Other             |       |       |    16 |   226 |   365 |    14 ||   621
         Reflection        |       |       |       |     4 |     7 |       ||    11

Table legend: (Time is in decaauts)
 A = Elapsed time spent in this place.
 B = Non-inter-level travel time spent in this place.
 C = Inter-level travel time spent in this place.
 D = Time resting spent in this place.
 E = Time spent auto-exploring this place.
 F = Levels seen in this place.
 G = Mean time per level.
                   A        B        C        D        E       F      G
               +--------+--------+--------+--------+--------+-----+--------+
         Total |  31483 |  30425 |   1058 |   8911 |  14176 |  26 | 1210.9 |
       Dungeon |  15447 |  14638 |    809 |   3047 |   7958 |  12 | 1287.2 |
        Temple |     57 |     57 |      0 |      0 |      0 |   1 |   57.0 |
          Lair |   7856 |   7699 |    157 |   1872 |   4234 |   5 | 1571.2 |
  Orcish Mines |   3190 |   3101 |     89 |   1658 |    764 |   2 | 1595.0 |
   Elven Halls |   2017 |   2017 |      0 |   1206 |    470 |   1 | 2017.0 |
         Abyss |    326 |    326 |      0 |     41 |     63 |   2 |  163.0 |
         Sewer |   1086 |   1086 |      0 |    291 |    477 |   1 | 1086.0 |
       Ossuary |   1017 |   1017 |      0 |    628 |    165 |   1 | 1017.0 |
      Gauntlet |    482 |    482 |      0 |    166 |     44 |   1 |  482.0 |
               +--------+--------+--------+--------+--------+-----+--------+

Top non-repeatable levels by time:
  Lair:5: 3470 daAuts
     D:7: 2491 daAuts
   Elf:1: 2017 daAuts
     D:9: 1710 daAuts
   Orc:2: 1696 daAuts
  Lair:4: 1575 daAuts
   Orc:1: 1494 daAuts
     D:4: 1430 daAuts
  Lair:3: 1424 daAuts
    D:11: 1370 daAuts
    D:10: 1299 daAuts
     D:8: 1241 daAuts
     D:1: 1128 daAuts
     D:2: 1128 daAuts
  Lair:1: 1120 daAuts
